 Dungeon Crawl Stone Soup version 0.19.0-1-g5985abe (webtiles) character file.

57 varam the Chopper (level 3, 29/29 HPs)
             Began as a Demonspawn Berserker on Nov 2, 2016.
             Was a Believer of Trog.
             Quit the game on level 2 of the Dungeon.
             The game lasted 00:01:29 (1706 turns).

varam the Chopper (Demonspawn Berserker)            Turns: 1706, Time: 00:01:30

Health: 29/29      AC:  4    Str: 17    XL:     3   Next: 73%
Magic:  3/3        EV: 12    Int:  8    God:    Trog [**....]
Gold:   75         SH:  0    Dex: 13    Spells: 0 memorised, 2 levels left

rFire  . . .     SeeInvis .     a - +0 hand axe
rCold  . . .     Gourm    .     b - +0 animal skin
rNeg   . . .     Faith    .     (no shield)
rPois  .         Spirit   .     (no helmet)
rElec  .         Reflect  .     (no cloak)
rCorr  .         Harm     .     (no gloves)
MR     +....                    (no boots)
Stlth  ++........               (no amulet)
                                o - ring of protection from magic
                                f - ring of stealth

@: no status effects
A: slimy green scales 1
a: Berserk, Trog's Hand, Burn Spellbooks, Renounce Religion


You were on level 2 of the Dungeon.
You worshipped Trog.
Trog was pleased with you.
You were not hungry.

You visited 1 branch of the dungeon, and saw 2 of its levels.

You collected 75 gold pieces.

Inventory:

Hand Weapons
 a - a +0 hand axe (weapon)
Armour
 b - a +0 animal skin (worn)
Jewellery
 f - a ring of stealth (left hand)
 o - a ring of protection from magic (right hand)
 p - an uncursed amulet of regeneration {unknown}
Scrolls
 d - 2 scrolls of identify {unknown}
 e - 2 scrolls of remove curse {unknown}
 g - a scroll of enchant weapon {unknown}
 i - a scroll of recharging {unknown}
 l - 2 scrolls of random uselessness {unknown}
 q - a scroll of fog {unknown}
 u - a scroll of noise {unknown}
Potions
 h - a potion of agility {unknown}
 j - a potion of lignification {unknown}
 s - a potion of degeneration {unknown}
 t - a potion of curing {unknown}
Comestibles
 c - a bread ration
 k - 2 slices of pizza
 m - a meat ration
 n - 5 fruits
 r - 4 chunks of flesh


   Skills:
 - Level 3.0 Fighting
 + Level 4.3 Axes
 - Level 1.7 Armour
 - Level 1.7 Dodging


You had 2 spell levels left.
You didn't know any spells.

Dungeon Overview and Level Annotations

Branches:
Dungeon (2/15)

Altars:
Elyvilon
Fedhas
Makhleb
Nemelex Xobeh
Qazlal


Innate Abilities, Weirdness & Mutations

You are partially covered in slimy green scales. (AC +2)


Message History

You can now call upon Trog for regeneration and protection from hostile enchantments.
No target in view!
No target in view!
No target in view!
No target in view!
No target in view!
No target in view!
No target in view!
Things that are here:
2 stones; a kobold corpse Some of the chunks of flesh in your inventory have rotted away.
Done exploring.
Done exploring.
Done exploring.
No target in view!
(D) Dungeon
Where to? (? - help)
What level of the Dungeon? (default 1, ? - help)
Okay, then.
Are you sure you want to abandon this character and quit the game? (Confirm with "yes".)

#..............#.##..# #....
#..............#..##.### #..##
#...<..........##.##..)###....
#..............##.###.....#...
#...[..........##.##......#.._
##............###.#.......####
##..........## #.#...>...#.._
###.######..###.........#...
#.# ##@..##............ #####.#
###.###.........## #.....#
#.####.......... ##.#####
#.........(.....
#..#################.......(...
#............................##
####################[..........
#.........## ##.......##


There were no monsters in sight!

Vanquished Creatures
  2 adders (D:2)
  A gnoll (D:1)
  A worm (D:2)
  5 giant cockroaches
  A goblin (D:1)
  4 hobgoblins
  A ball python (D:2)
  3 bats
  2 frilled lizards
  3 kobolds (D:2)
  8 rats
31 creatures vanquished.

Notes
Turn   | Place    | Note
-------+----------+-------------------------------------------
     0 | D:1      | varam the Demonspawn Berserker began the quest for the Orb.
     0 | D:1      | Reached XP level 1. HP: 18/18 MP: 1/1
   358 | D:1      | HP: 2/27 [gnoll/spear (6)]
   361 | D:1      | Reached skill level 3 in Axes
   361 | D:1      | Gained mutation: You are partially covered in slimy green scales. (AC +2) [demonic ancestry]
   361 | D:1      | Reached XP level 2. HP: 3/24 MP: 2/2
  1255 | D:2      | Reached XP level 3. HP: 20/29 MP: 3/3
  1429 | D:2      | Reached skill level 4 in Axes
  1484 | D:2      | Found a sparkling altar of Nemelex Xobeh.
  1487 | D:2      | Found a stormy altar of Qazlal.
  1499 | D:2      | Found a white marble altar of Elyvilon.
  1605 | D:2      | Found a burning altar of Makhleb.
  1647 | D:2      | Found a blossoming altar of Fedhas.
  1664 | D:2      | Reached ** piety under Trog
  1706 | D:2      | Quit the game

Skill      XL: |  1  2  3 |
---------------+----------+-----
Axes           | 3 4 |  4.3
Fighting       | |  3.0
Armour         | |  1.7
Dodging        | |  1.7

Action                   || total
-------------------------++-------
Melee: Hand axe          ||   103
Invok: Berserk           ||     1
 Stab: Sleeping          ||     3
  Eat: Chunk             ||     3
Armor: Animal skin       ||    26
Dodge: Dodged            ||    58
